[Event "LTU-ch Men 2019"]
[Site "Vilnius"]
[Date "2019.03.19"]
[Round "7.12"]
[White "Narmontas, Raimondas"]
[Black "Pluta, Paulius"]
[Result "0-1"]
[ECO "A40"]
[WhiteElo "2019"]
[BlackElo "1846"]
[Annotator "NA"]
[PlyCount "66"]
[EventDate "2019.??.??"]
[EventCountry "LTU"]
[SourceTitle "playchess.com"]
[Source "ChessBase"]
[SourceQuality "1"]
[TimeControl "5400+30"]

1. d4 e6 2. Nc3 Nf6 3. Bg5 d5 4. Nf3 Be7 5. e3 O-O 6. Ne5 Ne4 7. Bxe7 Qxe7 8. Bd3 Nxc3 9. bxc3 c5 10. Qh5 h6 11. h4 c4 12. Be2 Nd7 13. Nxd7 Bxd7 14. Rh3 Qa3 15. Kd2 b5 16. g4 b4 17. e4 b3 18. g5 Qb2 19. Rc1 bxa2 20. gxh6 Qxc1+ 21. Kxc1 a1=Q+ 22. Kd2 g6 23. Rg3 Kh7 24. Qe5 Rg8 25. Qf6 Raf8 26. Qe7 Be8 27. h5 gxh5 28. Rg7+ Rxg7 29. hxg7 Rg8 30. exd5 exd5 31. Qg5 Qh1 32. Bxh5 Rxg7 33. Qf5+ Kg8 0-1

[Event "LTU-ch Men 2019"]
[Site "Vilnius"]
[Date "2019.03.19"]
[Round "7.13"]
[White "Butvilas, Aistis"]
[Black "Macionis, Zigmas"]
[Result "1-0"]
[ECO "E16"]
[WhiteElo "1983"]
[BlackElo "1784"]
[Annotator "NA"]
[PlyCount "101"]
[EventDate "2019.??.??"]
[EventCountry "LTU"]
[SourceTitle "playchess.com"]
[Source "ChessBase"]
[SourceQuality "1"]
[TimeControl "5400+30"]

1. d4 Nf6 2. c4 e6 3. Nf3 b6 4. g3 Bb7 5. Bg2 Bb4+ 6. Bd2 Be7 7. Nc3 O-O 8. O-O d5 9. cxd5 exd5 10. Rc1 c6 11. a3 Nbd7 12. Bf4 Re8 13. b4 a5 14. Qb3 axb4 15. axb4 Bf8 16. Rfe1 Qe7 17. Rb1 h6 18. Ne5 b5 19. Nd3 g5 20. Bc1 Ne4 21. Nxe4 dxe4 22. Nc5 Nxc5 23. dxc5 Bc8 24. Bb2 Bg7 25. Bxg7 Kxg7 26. Ra1 Bf5 27. Qc3+ Kg8 28. Rxa8 Rxa8 29. Rd1 Rd8 30. Rxd8+ Qxd8 31. f3 exf3 32. Bxf3 Qd1+ 33. Kf2 Qd7 34. Qf6 Be6 35. Qxh6 Qd4+ 36. Kg2 g4 37. Qg5+ Kh7 38. Bxc6 Qxb4 39. Qe3 Qc4 40. Qe4+ Qxe4+ 41. Bxe4+ Kg7 42. Kf2 Kf6 43. Ke3 Ke5 44. c6 f5 45. Bg2 b4 46. Kd3 f4 47. gxf4+ Kxf4 48. c7 b3 49. e3+ Ke5 50. Bb7 b2 51. Kc2 {[%emt 0:00:07] Kd5} 1-0

[Event "LTU-ch Men 2019"]
[Site "Vilnius"]
[Date "2019.03.19"]
[Round "7.14"]
[White "Slusnys, Evaldas"]
[Black "Bagvilas, Lukas"]
[Result "0-1"]
[ECO "B40"]
[WhiteElo "1849"]
[BlackElo "1973"]
[Annotator "NA"]
[PlyCount "124"]
[EventDate "2019.??.??"]
[EventCountry "LTU"]
[SourceTitle "playchess.com"]
[Source "ChessBase"]
[SourceQuality "1"]
[TimeControl "5400+30"]

1. e4 c5 2. Nf3 e6 3. d3 Nc6 4. g3 g6 5. Bg2 Bg7 6. O-O Nge7 7. c3 O-O 8. Be3 b6 9. d4 d6 {[%emt 0:00:17] A04: Unusual lines after 1 Nf3 and King's Indian Attack} (9... cxd4 10. Nxd4 Ba6 11. Re1 Ne5 12. Na3 d5 13. Bg5 dxe4 14. Bxe4 Qd7 15. f4 Nd3 16. Bxd3 Bxd4+ 17. Kf1 {1-0 (55) Kamsky,G (2746)-Bartel,M (2654) Istanbul 2012}) 10. Qd2 Re8 11. Re1 Bb7 12. Bh6 $146 ({Predecessor:} 12. Na3 cxd4 13. cxd4 d5 14. e5 a6 15. Bg5 Qd7 16. g4 Kh8 17. Bh6 Ng8 18. Bxg7+ Kxg7 {1-0 (38) Bakhtadze,G (2365)-Cederqvist,N Yerevan 1997}) 12... Bh8 13. Bg5 Qc7 14. Na3 a6 15. Rad1 Rad8 16. Nc2 Na5 17. Qf4 cxd4 18. Bf6 e5 19. Qh4 Bg7 20. cxd4 Qxc2 21. Bxe7 Rd7 22. Rd2 Qc4 23. b3 Qc3 24. Bf6 exd4 25. Bxd4 Bxd4 26. Rxd4 f5 27. Red1 fxe4 28. Ng5 e3 29. Bxb7 exf2+ 30. Kxf2 Nxb7 31. R4d3 Qe5 32. Qc4+ Kg7 33. Rd5 $17 Qe3+ 34. Kg2 h6 35. Nf3 Qe2+ 36. Qxe2 Rxe2+ 37. Kh3 Rxa2 38. Ne5 Re7 39. Nc4 Ree2 40. Nxd6 Rxh2+ 41. Kg4 Nc5 42. b4 h5+ 43. Kf4 Rhf2+ 44. Ke3 Rfe2+ 45. Kf3 Rf2+ 46. Ke3 Rae2+ 47. Kd4 Rd2+ 48. Ke3 Rfe2+ 49. Kf3 Nb3 50. Nc4 Rf2+ 51. Ke3 Rde2+ 52. Kd3 b5 53. Ne5 Rd2+ 54. Kc3 Kf6 55. Kxb3 Rxd1 56. Nd7+ Ke7 57. Rxd1 Rf3+ 58. Kc2 Rxg3 59. Nc5 h4 60. Rd7+ Kf8 61. Rh7 h3 62. Nxa6 Kg8 0-1

[Event "LTU-ch Men 2019"]
[Site "Vilnius"]
[Date "2019.03.20"]
[Round "8.7"]
[White "Indriunas, Matas"]
[Black "Eigminas, Kipras"]
[Result "1/2-1/2"]
[ECO "B76"]
[WhiteElo "1908"]
[BlackElo "2034"]
[Annotator "NA RC"]
[PlyCount "102"]
[EventDate "2019.??.??"]
[EventCountry "LTU"]
[SourceTitle "playchess.com"]
[Source "ChessBase"]
[SourceQuality "1"]
[TimeControl "5400+30"]

1. e4 c5 2. Nf3 d6 3. d4 cxd4 4. Nxd4 Nf6 5. Nc3 g6 6. Be3 Bg7 7. f3 O-O 8. Qd2 Nc6 9. O-O-O d5 10. Qe1 e5 11. Nxc6 bxc6 12. exd5 Nxd5 13. Bc4 Be6 14. Bc5 Qg5+ 15. Kb1 Nxc3+ 16. Qxc3 Bxc4 17. Bxf8 Bxa2+ 18. Kxa2 Rxf8 19. Qd2 Qh4 20. Qd3 Qa4+ 21. Kb1 Rb8 22. b3 Qa5 23. Qe4 h6 24. Rd7 Rb4 25. Rxa7 Qc5 26. Ra8+ Kh7 27. Qe2 e4 28. fxe4 Qe5 29. Ra2 Rxe4 30. Qd2 Re2 31. Qa5 c5 32. Rc1 Rxg2 33. b4 cxb4 34. Qxe5 Bxe5 35. c4 Rxh2 36. Rxh2 Bxh2 37. c5 g5 38. c6 Bc7 39. Rd1 g4 40. Kc2 g3 41. Kd3 Kg6 42. Ke2 b3 43. Kf3 Kf5 44. Rb1 Ke6 45. Rxb3 h5 46. Rb7 Kd6 47. Rb5 h4 48. Rh5 Bd8 49. Rh7 Bc7 50. Rxf7 h3 51. Kxg3 Kxc6+ 1/2-1/2

[Event "LTU-ch Men 2019"]
[Site "Vilnius"]
[Date "2019.03.20"]
[Round "8.11"]
[White "Pluta, Paulius"]
[Black "Butvilas, Aistis"]
[Result "1/2-1/2"]
[ECO "B22"]
[WhiteElo "1846"]
[BlackElo "1983"]
[Annotator "NA RC"]
[PlyCount "103"]
[EventDate "2019.??.??"]
[EventCountry "LTU"]
[SourceTitle "playchess.com"]
[Source "ChessBase"]
[SourceQuality "1"]
[TimeControl "5400+30"]

1. e4 c5 2. c3 d5 3. exd5 Qxd5 4. d4 Nf6 5. Nf3 Bg4 6. Be2 e6 7. h3 Bh5 8. O-O Nc6 9. Be3 cxd4 10. cxd4 Be7 11. Nc3 Qd6 12. Qb3 O-O 13. Rfd1 Rfd8 14. a3 a6 15. Rd2 Nd5 16. Nxd5 Qxd5 17. Bc4 Qd6 18. Be2 Na5 19. Qa2 Qd5 20. Qxd5 exd5 21. Rc2 b5 22. Bf4 Nb3 23. Rd1 Rac8 24. Rxc8 Rxc8 25. g4 Bg6 26. Re1 Bf6 27. g5 Bxd4 28. Bd1 Be4 29. Nxd4 Nxd4 30. Be3 Nf3+ 31. Bxf3 Bxf3 32. Rc1 Rxc1+ 33. Bxc1 d4 34. Kf1 Kf8 35. Ke1 Ke7 36. Bf4 Ke6 37. h4 Kf5 38. Bd6 f6 39. gxf6 gxf6 40. Kd2 Ke4 41. Be7 f5 42. Bg5 Bh5 43. Bf6 Bf7 44. Bg7 a5 45. Bf6 a4 46. Bg7 Bc4 47. Bf6 d3 48. Bg7 Kf3 49. Bd4 h5 50. Bc5 Kg4 51. Be7 f4 52. Bf6 1/2-1/2

[Event "LTU-ch Men 2019"]
[Site "Vilnius"]
[Date "2019.03.20"]
[Round "8.13"]
[White "Povilaitis, Tomas"]
[Black "Stremavicius, Pijus"]
[Result "0-1"]
[ECO "B07"]
[WhiteElo "1864"]
[BlackElo "2079"]
[Annotator "NA RC"]
[PlyCount "124"]
[EventDate "2019.??.??"]
[EventCountry "LTU"]
[SourceTitle "playchess.com"]
[Source "ChessBase"]
[SourceQuality "1"]
[TimeControl "5400+30"]

1. e4 d6 2. d4 Nf6 3. Nc3 g6 4. Be3 c6 5. Nf3 Nbd7 6. h3 Bg7 7. Bd3 O-O 8. O-O e5 9. Qd2 Re8 10. Bh6 exd4 11. Nxd4 Nc5 12. Bxg7 $11 Kxg7 13. Rae1 Qb6 14. Nb3 Be6 15. Nxc5 dxc5 16. e5 Nd7 17. b3 Rad8 18. Qg5 c4 19. bxc4 Qd4 20. Nd1 h6 21. Qg3 Nc5 22. Ne3 Nxd3 23. cxd3 Qxd3 24. Qh4 Rd4 25. Qf6+ Kg8 26. Rd1 Qe4 27. Rxd4 Qxd4 28. Rd1 Qe4 29. Rd8 Rxd8 30. Qxd8+ Kh7 31. Qc7 Qb1+ 32. Kh2 h5 33. Qa5 Qb2 34. Kg1 b6 35. Qxa7 Qa1+ 36. Kh2 Qxe5+ 37. Kg1 b5 38. cxb5 cxb5 39. Qa5 Qa1+ 40. Kh2 Qb2 41. a3 Qxf2 42. Qc3 Qf4+ 43. Kg1 Qe4 44. Nc2 Bc4 45. Nb4 g5 46. Qd2 Qf5 47. Qd1 g4 48. hxg4 hxg4 49. Qe1 Kg6 50. Qe3 Qg5 51. Qg3 f5 52. Nc6 f4 53. Qe1 Qc5+ 54. Qf2 Qxc6 55. Qxf4 Qe6 56. Kh2 Bd5 57. Qf8 Qe4 58. Qf2 Qe5+ 59. Kg1 g3 60. Qc2+ Be4 61. Qd1 Qc5+ 62. Kh1 Bxg2+ {[%emt 0:00:28] a4} 0-1

[Event "LTU-ch Men 2019"]
[Site "Vilnius"]
[Date "2019.03.20"]
[Round "8.14"]
[White "Maziukas, Kasparas"]
[Black "Ketlerius, Arijus"]
[Result "1/2-1/2"]
[ECO "B03"]
[WhiteElo "1931"]
[BlackElo "1841"]
[Annotator "NA RC"]
[PlyCount "125"]
[EventDate "2019.??.??"]
[EventCountry "LTU"]
[SourceTitle "playchess.com"]
[Source "ChessBase"]
[SourceQuality "1"]
[TimeControl "5400+30"]

1. e4 Nf6 2. e5 Nd5 3. c4 Nb6 4. d4 d6 5. exd6 cxd6 6. Nc3 g6 7. Be3 Bg7 8. Rc1 O-O 9. b3 e5 10. dxe5 dxe5 11. Qxd8 Rxd8 12. c5 N6d7 13. Bc4 Nc6 14. Rd1 Nd4 15. Ne4 Nf8 16. Bg5 Nc2+ 17. Ke2 Rxd1 18. Kxd1 Nd4 19. Ne2 Be6 20. Nxd4 exd4 21. Bb5 f5 22. Nd6 Bd5 23. b4 a5 24. bxa5 Rxa5 25. a4 Ne6 26. Bd2 Ra8 27. Bb4 Nc7 28. a5 Nxb5 29. Nxb5 Bxg2 30. Re1 Bc6 31. Nd6 Bf6 32. f4 Kg7 33. Kd2 Rf8 34. Kd3 Kh6 35. Bd2 Ra8 36. Re6 Kg7 37. Re1 Bd8 38. Kxd4 Bxa5 39. Ra1 b6 40. Bxa5 Rxa5 41. Rxa5 bxa5 42. Nc4 a4 43. Ne5 a3 44. Kc3 a2 45. Kb2 Bd5 46. c6 Be6 47. c7 Kf6 48. Nf3 h6 49. h4 Ke7 50. Nd4 Bc8 51. Kxa2 Kd6 52. Kb3 Kxc7 53. Kc4 Kd6 54. Nb5+ Ke6 55. Kd4 Bd7 56. Nc7+ Kd6 57. Nd5 Bc6 58. Ne3 Be4 59. Nc4+ Ke6 60. Ne5 Kf6 61. Nd7+ Ke7 62. Ne5 Kf6 63. Nd7+ 1/2-1/2

[Event "LTU-ch Men 2019"]
[Site "Vilnius"]
[Date "2019.03.21"]
[Round "9.11"]
[White "Stremavicius, Pijus"]
[Black "Koliasnikovas, Aironas"]
[Result "1-0"]
[ECO "D30"]
[WhiteElo "2079"]
[BlackElo "1860"]
[Annotator "NA RC"]
[PlyCount "113"]
[EventDate "2019.??.??"]
[EventCountry "LTU"]
[SourceTitle "playchess.com"]
[Source "ChessBase"]
[SourceQuality "1"]
[TimeControl "5400+30"]

1. d4 d5 2. c4 e6 3. Nf3 Nf6 4. g3 Bb4+ 5. Bd2 Be7 6. Bg2 O-O 7. O-O c6 8. Qc2 Nbd7 9. Bf4 b6 10. Nbd2 Bb7 11. a4 $146 {[%emt 0:11:28] E08: Closed Catalan: Main Line: 7 Qc2} ({Predecessor:} 11. e4 dxe4 12. Nxe4 Nxe4 13. Qxe4 Nf6 14. Qe2 c5 15. Rfd1 cxd4 16. Nxd4 Qc8 17. Bxb7 Qxb7 18. Qf3 Qxf3 19. Nxf3 Rfc8 20. b3 Kf8 21. Ne5 {½-½ (29) Postny,E (2636)-Vitiugov,N (2739) Tsaghkadzor 2015}) 11... Nh5 12. a5 Nxf4 13. gxf4 c5 14. a6 Bc6 15. cxd5 exd5 16. e3 Bb5 17. Rfc1 Rc8 18. Bh3 Rc7 19. dxc5 Nxc5 20. Nd4 Bd7 (20... Bxa6 21. b4 $14) ({Much worse is} 20... Nxa6 $6 21. Qb1 $16) 21. Bg2 Nxa6 22. Qb3 Nb4 23. Bxd5 a5 24. Be4 Bc5 25. N2f3 Qe7 26. Bb1 (26. Ne5 $15) 26... Rd8 27. Ng5 (27. Bd3 $17 {was worth a try.}) 27... g6 28. Ndf3 a4 (28... Bc6 $142 29. Nh4 Rdd7) 29. Qc4 (29. Rxa4 $17 Bxa4 30. Qxa4) 29... Bc6 30. Be4 {[%emt 0:01:14] [#]} h6 (30... Be8 $1 $19 31. Bb1 Bd6) 31. Bxc6 Rxc6 32. Qxf7+ Qxf7 33. Nxf7 Kxf7 34. Ne5+ Kf6 35. Nxc6 Nxc6 36. Rxa4 Rd2 37. b3 Rb2 $2 (37... Nb4 $11 38. Raa1 Na2) 38. Rxc5 bxc5 39. Ra6 Kf5 40. Rxc6 Rxb3 41. Rxc5+ Kf6 42. Kg2 Rb2 43. Kf3 Ra2 44. Rc6+ Kf7 45. h4 Kg7 46. Rc5 Ra1 47. h5 gxh5 48. Rxh5 Kg6 49. Rc5 Rf1 50. Rc6+ Kg7 51. e4 h5 52. f5 Kf7 53. e5 $18 Kg7 54. Rg6+ Kh7 55. e6 h4 56. e7 Re1 57. Re6 1-0

[Event "LTU-ch Men 2019"]
[Site "Vilnius"]
[Date "2019.03.21"]
[Round "9.12"]
[White "Kalinauskas, Vytautas"]
[Black "Bagvilas, Lukas"]
[Result "0-1"]
[ECO "B01"]
[WhiteElo "1783"]
[BlackElo "1973"]
[Annotator "NA RC"]
[PlyCount "136"]
[EventDate "2019.??.??"]
[EventCountry "LTU"]
[SourceTitle "playchess.com"]
[Source "ChessBase"]
[SourceQuality "1"]
[TimeControl "5400+30"]

1. e4 d5 2. exd5 Qxd5 3. Nf3 Nf6 4. d4 Bg4 5. Be2 e6 6. O-O Qd7 $146 {[%emt 0:00:21] B01: Scandinavian Defence} ({Predecessor:} 6... Be7 7. h3 Bh5 8. c4 Qd7 9. Qb3 Bxf3 10. Bxf3 c6 11. Nc3 O-O 12. Rd1 Na6 13. Be3 Ne8 14. Qa4 Qc8 {1-0 (45) Alekseev,E (2616)-Swicarz,M (2378) Katowice 2017}) 7. Ne5 Bxe2 8. Nxd7 Bxd1 9. Nxf6+ gxf6 10. Rxd1 Bd6 11. Nc3 c6 12. Ne4 Ke7 13. Nxd6 Kxd6 14. Bf4+ Ke7 15. b3 Na6 16. c3 Rhg8 17. h3 Rad8 18. Rd2 Rd7 19. Rad1 Nc7 20. Bxc7 Rxc7 21. Kf1 b6 22. g3 h5 23. Ke2 Rcc8 24. c4 h4 25. g4 b5 26. c5 b4 27. a4 a5 28. f4 Rcd8 29. Kf3 Rd5 30. Rd3 Rgd8 31. R1d2 f5 32. Rd1 {[%emt 0:02:23] [#]} (32. g5 $11) 32... f6 $1 33. gxf5 Rxf5 34. Kg4 Rg8+ 35. Kf3 Rg3+ 36. Ke4 Rh5 (36... Rg2 $19 {has better winning chances.} 37. R1d2 Rg1) 37. Rxg3 hxg3 38. Kf3 Rxh3 39. Kg2 Rh2+ 40. Kxg3 Rc2 41. Rh1 Rc3+ 42. Kf2 Rxb3 43. Rh7+ Kd8 44. Rh8+ Ke7 45. Rh7+ {[%emt 0:00:04] [#]} Kf8 $1 46. Rc7 Ra3 47. Rxc6 Rxa4 48. Rb6 $1 ({Don't blunder} 48. Rxe6 $2 b3 $19) 48... Ke7 49. f5 exf5 50. d5 Ra2+ 51. Ke3 Rc2 52. Rb5 a4 53. Rb7+ Ke8 54. Rxb4 Rxc5 55. Rxa4 Rxd5 56. Kf4 Kf7 57. Rb4 Kg6 58. Rb8 Rd4+ 59. Kf3 Rd1 60. Kf4 Rf1+ 61. Kg3 f4+ 62. Kg2 (62. Kh3 $15) 62... Ra1 63. Rb4 (63. Kf3 $1 $11) 63... Kg5 64. Rb5+ (64. Rb7 $17 {was called for.}) 64... Kg4 65. Rb8 $2 (65. Rb2) 65... Ra2+ 66. Kf1 {[%emt 0:01:09] [#]} Kg3 $19 67. Rb3+ f3 68. Rb1 Rh2 0-1

[Event "LTU-ch Men 2019"]
[Site "Vilnius"]
[Date "2019.03.21"]
[Round "9.13"]
[White "Slusnys, Evaldas"]
[Black "Narmontas, Raimondas"]
[Result "0-1"]
[ECO "B14"]
[WhiteElo "1849"]
[BlackElo "2019"]
[Annotator "NA RC"]
[PlyCount "74"]
[EventDate "2019.??.??"]
[EventCountry "LTU"]
[SourceTitle "playchess.com"]
[Source "ChessBase"]
[SourceQuality "1"]
[TimeControl "5400+30"]

1. e4 c6 2. d4 d5 3. exd5 cxd5 4. c4 Nf6 5. Nc3 e6 6. Nf3 Nc6 7. Bd3 Be7 {[%emt 0:00:44] B14: Caro-Kann: Panov-Botvinnik Attack with 5...e6 and 5...g6} (7... dxc4 8. Bxc4 Bb4 9. O-O O-O 10. Bg5 h6 11. Bh4 Be7 12. a3 Nh5 13. Bxe7 Nxe7 14. d5 {½-½ (14) Harutyunian,T (2528)-Indjic,A (2620) Sitges 2018}) 8. O-O dxc4 9. Bxc4 Nb4 ({Better is} 9... O-O $11) 10. Ne5 O-O 11. Bg5 Nbd5 12. Rc1 h6 $146 ({Predecessor:} 12... Nb6 13. Bb3 Nfd5 14. Bxe7 Nxe7 15. Qf3 Ng6 16. Nxg6 hxg6 {1-0 (24) Chmiel,P (2280)-Votava,P Czechia 1995}) 13. Bh4 Nxc3 14. bxc3 Nd5 15. Bxe7 Nxe7 16. Re1 Nf5 (16... b6 $14) 17. Qf3 Qg5 18. Rb1 Nh4 19. Qg3 Nf5 20. Qxg5 hxg5 21. Bd3 Nd6 22. Re3 Rd8 23. h3 Bd7 24. g4 Rac8 25. c4 b6 26. Rc1 Nb5 27. Rd1 $2 (27. d5 $11) 27... Nxd4 28. Bh7+ Kxh7 29. Rxd4 Be8 30. Red3 (30. Rxd8 $142 Rxd8 31. Nf3) 30... Rxd4 31. Rxd4 f6 32. Nd3 e5 33. Rd6 Rxc4 34. Rd8 Bc6 35. Rc8 a5 36. f3 $19 Bd5 37. Rb8 Rc3 0-1

[Event "LTU-ch Men 2019"]
[Site "Vilnius"]
[Date "2019.03.21"]
[Round "9.14"]
[White "Salna, Aleksandras"]
[Black "Bagdanskis, Dangis"]
[Result "0-1"]
[ECO "D43"]
[WhiteElo "1955"]
[BlackElo "1716"]
[Annotator "NA RC"]
[PlyCount "132"]
[EventDate "2019.??.??"]
[EventCountry "LTU"]
[SourceTitle "playchess.com"]
[Source "ChessBase"]
[SourceQuality "1"]
[TimeControl "5400+30"]

1. Nf3 Nf6 2. d4 d5 3. c4 c6 4. Nc3 e6 5. cxd5 exd5 6. Bg5 h6 7. Bh4 Bb4 8. Qc2 {[%emt 0:00:39] D38: Queen's Gambit Declined: Ragozin Defence (4 Nf3 Bb4)} g5 9. Bg3 Ne4 10. Nd2 Bf5 11. Ndxe4 Bxe4 12. Qd2 Nd7 13. e3 $146 ({Predecessor:} 13. a3 Bxc3 14. Qxc3 Qe7 15. e3 {0-1 (29) Hnydiuk,A (2417)-Rozentalis,E (2603) Lublin 2009}) 13... Nb6 14. f3 Bg6 15. Be2 Qe7 16. Kf2 Bd6 17. a4 h5 18. a5 Nd7 19. Rhf1 ({White should play} 19. Bd3 $11) 19... Nf6 20. Bd3 O-O 21. Bxg6 fxg6 22. Bxd6 Qxd6 23. Kg1 Rae8 24. Rae1 Kg7 25. Kh1 Re7 26. Rf2 Rfe8 27. Rfe2 Rd7 28. Na4 Rde7 29. Nc5 b6 30. Nd3 Nd7 31. axb6 axb6 32. b4 Kh7 33. Nf2 Nf6 {[%emt 0:04:08] [#]} 34. e4 (34. Nh3 $1 $16) 34... dxe4 35. fxe4 Qf4 36. e5 ({Better is} 36. Qc2 $16) 36... Nd5 37. Ne4 Qxd2 38. Rxd2 Kh6 39. b5 cxb5 40. Nd6 Rf8 41. Nxb5 Ref7 42. h3 Rf1+ 43. Rxf1 Rxf1+ 44. Kh2 Rb1 45. Nd6 Ne3 {[%emt 0:00:03] [#]} (45... g4 $11) 46. Ra2 $2 ({White has to play} 46. Rd3 $1 $16 Nd5 47. Nf7+ Kg7 48. Nxg5) 46... g4 47. hxg4 Nf1+ (47... hxg4 $11 {keeps the balance.} 48. Kg3 Kg5) 48. Kg1 hxg4 49. Kf2 g3+ 50. Kf3 Rb3+ 51. Kf4 Ne3 52. e6 Nd5+ 53. Ke5 Ne7 54. d5 Re3+ 55. Ne4 g5 56. Ra1 (56. d6 $142 Nc6+ 57. Kd5 Nb4+ 58. Kd4) 56... Kg6 57. Rf1 Rd3 58. Nf6 b5 59. Ke4 $2 (59. Kd6 $18 Nc8+ 60. Kd7) 59... Rd2 60. Ke3 $2 (60. Nd7 $11 Nxd5 61. Ne5+ Kh6 62. Rf5 Nc3+ 63. Ke3 (63. Kf3 Rf2+ 64. Kg4 Rxf5 $11)) 60... Rf2 $1 61. Rd1 Kxf6 62. d6 $19 Nf5+ 63. Ke4 Re2+ 64. Kf3 Re3+ 65. Kg4 Re4+ 66. Kf3 Ke5 0-1